Map: Deathaura LE

Players

cure - Winner!

  • Race: Terran Terran
  • Spawn Location: 11:00

Lambo

  • Race: Zerg Zerg
  • Spawn Location: 5:00

Event: StayAtHome Story Cup #3

VOD

Have the link to the VOD?

Description

Time

  • Played on: March 11, 2021, 9:02 a.m.
  • Length: 12:59

All games in this series

Show
View Real Time Build Order
Export as new Build Order

cure Terran - Winner!

Build Orders: Reaper Expand, Hellion Banshee 

Get SALT Encoding   

  12  0:00  SCV  
  13  0:12  SCV  
  14  0:17  Supply Depot  
  14  0:24  SCV  
  15  0:39  SCV  
  15  0:40  Barracks  
  16  0:42  Refinery  
  16  0:51  SCV  
  17  1:03  SCV  
  18  1:15  SCV  
  19  1:27  Reaper, Orbital Command  
  20  1:39  Command Center  
  20  1:47  Supply Depot  
  20  1:53  SCV  
  21  1:59  Marine  
  22  2:05  SCV  
  23  2:13  Factory  
  23  2:17  SCV  
  23  2:20  Barracks Reactor  
  24  2:29  SCV  
  25  2:41  SCV  
  26  2:44  Command Center  
  26  2:51  Orbital Command  
  26  2:53  SCV  
  27  2:58  Starport  
  27  3:06  SCV  
  27  3:09  Hellion x2  
  32  3:17  SCV  
  32  3:18  Refinery, SCV  
  32  3:19  Barracks Tech Lab  
  34  3:30  SCV x2  
  34  3:32  Hellion x2  
  40  3:42  SCV x2  
  40  3:44  Banshee, Marine  
  46  3:55  SCV x2  
  44  4:03  Orbital Command  
  44  4:05  Hellion x2, Cloaking Field  
  44  4:08  SCV x2  
  49  4:10  Barracks Tech Lab  
  49  4:12  Supply Depot  
  49  4:20  SCV x2  
  51  4:27  Banshee, Hellion x2  
  51  4:30  SCV  
  59  4:32  SCV x2  
  59  4:35  Supply Depot  
  61  4:39  Marine  
  61  4:42  SCV  
  61  4:43  Supply Depot  
  61  4:44  SCV x2, Armory  
  65  4:49  Hellion x2  
  69  4:58  SCV x3  
  69  4:59  Supply Depot  
  72  5:01  Marine  
  72  5:06  Stimpack  
  73  5:11  SCV x3, Hellion x2  
  80  5:19  Orbital Command  
  80  5:21  Barracks, Marine  
  80  5:22  Refinery, Barracks  
  80  5:23  Refinery  
  80  5:24  SCV x2  
  83  5:29  Engineering Bay  
  83  5:30  Engineering Bay  
  83  5:36  Hellion x2  
  83  5:38  SCV x2, Starport Reactor  
  83  5:39  Marine  
  91  5:50  SCV x3  
  93  6:09  Barracks Reactor x2, Hellion  
  93  6:10  Terran Infantry Armor Level 1, Terran Infantry Weapons Level 1, Supply Depot  
  93  6:11  SCV, Marine, Supply Depot  
  93  6:12  SCV  
  93  6:13  SCV, Hellion  
  86  6:23  SCV  
  86  6:24  SCV, Barracks  
  88  6:25  Barracks  
  88  6:28  Marine  
  88  6:30  Hellion  
  88  6:31  Command Center  
  91  6:34  Hellion  
  91  6:37  SCV x3  
  96  6:42  Medivac  
  96  6:43  Medivac  
  96  6:45  Factory  
  96  6:46  Marine  
  101  6:52  Hellion  
  101  6:53  Marine x4  
  104  6:56  SCV x3  
  104  7:00  Refinery x2  
  107  7:02  Supply Depot  
  107  7:03  Supply Depot  
  107  7:04  Marine  
  107  7:06  Combat Shield  
  108  7:20  Marine  
  108  7:21  Barracks Reactor x2  
  109  7:23  Marine x4, Medivac x2  
  109  7:25  SCV x2  
  109  7:26  SCV, Factory Tech Lab  
  109  7:27  Supply Depot  
  109  7:29  Supply Depot  
  120  7:34  Terran Vehicle Weapons Level 1  
  120  7:37  SCV  
  120  7:38  SCV x2  
  120  7:40  Marine  
  120  7:41  Marine  
  120  7:42  Marine x3  
  128  7:48  Siege Tank  
  128  7:50  SCV  
  128  7:51  Siege Tank  
  135  7:52  Supply Depot  
  135  7:53  Supply Depot  
  135  7:57  Marine  
  136  7:59  Marine x4  
  136  8:00  Marine x4  
  136  8:05  Terran Infantry Weapons Level 2  
  144  8:07  Terran Infantry Armor Level 2  
  144  8:09  SCV x3  
  147  8:14  SCV  
  147  8:19  Marine x4  
  150  8:20  Marine x2  
  150  8:21  SCV x2  
  150  8:24  SCV  
  150  8:25  Siege Tank  
  143  8:28  Medivac  
  143  8:30  Marine x3  
  143  8:33  SCV  
  145  8:34  Planetary Fortress  
  136  8:42  Marine x6  
  136  8:43  Siege Tank  
  136  8:48  Medivac  
  147  8:54  Supply Depot  
  147  8:57  Siege Tank  
  147  8:58  Barracks  
  147  8:59  Barracks x2, Marine x2  
  147  9:00  Marine x4  
  147  9:02  Marine x3  
  159  9:15  Siege Tank  
  160  9:17  Marine x4  
  160  9:18  Marine x2, Medivac  
  158  9:26  Marine x3  
  158  9:29  Siege Tank  
  158  9:30  SCV x3  
  162  9:32  Medivac  
  162  9:35  Marine x3, Sensor Tower  
  167  9:41  Marine x3  
  167  9:43  Refinery  
  167  9:44  Refinery, Marine  
  167  9:45  Supply Depot x2  
  171  9:47  Siege Tank  
  171  9:48  Medivac  
  171  9:49  Barracks Tech Lab x3  
  171  9:50  Marine x2  
  178  9:53  Marine x2  
  178  9:58  Supply Depot  
  180  10:06  Marine x5, Medivac, Siege Tank  
  190  10:08  Marine x2  
  191  10:17  Marine x2  
  191  10:18  Marine x3  
  191  10:19  Siege Tank  
  199  10:24  Marine  
  191  10:43  Marine x8  
  191  10:44  Siege Tank  
  191  10:46  Medivac x2  
  197  10:51  Siege Tank  
  198  11:03  Marine x4  
  191  11:07  Marauder x2, Marine x5  
  191  11:08  Marauder  
  173  11:16  Medivac x2, Siege Tank  
  178  11:21  Marine x4  
  178  11:24  Siege Tank  
  178  11:25  Marauder, Marine x4, Command Center  
  186  11:27  Command Center  
  186  11:28  Marine x3  
  187  11:35  Ghost Academy  
  187  11:36  Concussive Shells  
  187  11:39  Marine x4  
  191  11:42  Marine x2  
  193  11:48  Marine x2, Siege Tank  
  193  11:49  Marauder  
  200  12:26  Command Center, Siege Tank  
  200  12:28  Command Center  
  194  12:32  Command Center  
  194  12:33  Marauder, Marine x6  
  194  12:34  Marauder x2  
  194  12:39  Marine x2  
Show
View Real Time Build Order
Export as new Build Order

Lambo Zerg 

Build Orders: Hatch First, Lurkers 

Get SALT Encoding   

  12  0:00  Drone  
  13  0:12  Overlord  
  13  0:17  Drone  
  14  0:31  Drone x2  
  16  0:47  Hatchery  
  15  0:51  Drone  
  15  0:55  Drone  
  17  0:58  Drone  
  18  1:09  Extractor  
  17  1:12  Spawning Pool  
  17  1:16  Drone  
  17  1:19  Drone  
  18  1:28  Drone  
  19  1:39  Drone  
  20  1:49  Drone  
  21  1:59  Queen x2  
  21  2:00  Zergling x4  
  27  2:10  Drone  
  27  2:11  Overlord  
  28  2:20  Hatchery  
  27  2:23  Drone  
  28  2:33  Drone  
  28  2:34  Drone x2  
  28  2:36  Metabolic Boost  
  31  2:43  Drone  
  32  2:47  Overlord  
  32  2:51  Queen  
  32  2:54  Drone  
  32  2:56  Drone  
  36  3:05  Drone  
  37  3:06  Queen  
  39  3:13  Drone x4  
  43  3:22  Drone  
  43  3:23  Overlord  
  44  3:29  Overlord  
  44  3:31  Queen  
  46  3:35  Queen  
  46  3:36  Drone  
  46  3:37  Drone  
  50  3:44  Drone x2  
  50  3:45  Drone  
  50  3:46  Drone  
  54  3:49  Overlord  
  54  3:52  Drone x2  
  56  4:00  Drone x5  
  59  4:03  Drone  
  59  4:08  Zergling x2  
  61  4:16  Lair  
  61  4:17  Zergling x8  
  61  4:19  Extractor  
  61  4:20  Drone  
  61  4:21  Drone  
  66  4:25  Overlord  
  66  4:26  Drone  
  66  4:30  Baneling Nest  
  66  4:32  Overlord  
  66  4:39  Overlord  
  66  4:42  Queen, Overlord  
  66  4:43  Drone x5  
  73  4:48  Spore Crawler  
  73  4:49  Spore Crawler  
  73  4:51  Spore Crawler  
  71  4:52  Drone  
  71  4:53  Drone x2  
  71  4:55  Zergling x2  
  71  4:56  Zergling x4  
  71  4:59  Drone x2  
  78  5:01  Drone  
  78  5:06  Hatchery  
  78  5:09  Drone x2  
  78  5:10  Drone  
  78  5:12  Drone  
  78  5:13  Drone x2  
  84  5:17  Extractor, Drone x2  
  84  5:18  Extractor  
  84  5:19  Extractor, Overseer  
  84  5:20  Overseer  
  83  5:21  Zergling x2  
  83  5:22  Overlord  
  83  5:24  Drone x2  
  86  5:28  Drone  
  86  5:29  Drone  
  86  5:32  Centrifical Hooks, Evolution Chamber  
  86  5:34  Drone x2, Evolution Chamber  
  88  5:38  Drone  
  88  5:40  Drone  
  90  5:45  Baneling x5  
  90  5:49  Baneling x2  
  90  5:50  Drone x4  
  90  5:54  Extractor  
  93  5:58  Baneling  
  93  5:59  Drone x4  
  97  6:07  Zergling x2  
  94  6:12  Zergling x8  
  94  6:18  Drone x9  
  102  6:22  Hydralisk Den  
  102  6:23  Zerg Melee Weapons Level 1, Zerg Ground Armor Level 1  
  101  6:30  Drone x2  
  101  6:32  Hatchery  
  102  6:34  Drone  
  102  6:38  Extractor  
  102  6:43  Zergling x2  
  102  6:44  Overlord x2  
  102  6:46  Spore Crawler  
  102  6:47  Extractor, Queen  
  101  6:48  Overlord  
  101  6:50  Overlord  
  101  6:52  Overlord  
  101  6:53  Overlord  
  103  6:56  Overlord  
  103  6:59  Drone, Overlord, Infestation Pit  
  103  7:00  Overlord  
  103  7:06  Baneling x5  
  103  7:07  Zergling x20  
  113  7:12  Zergling x6  
  113  7:19  Muscular Augments  
  113  7:21  Drone x3  
  113  7:22  Drone x3  
  119  7:31  Zergling x12  
  119  7:34  Queen  
  119  7:36  Overlord  
  129  7:37  Baneling  
  129  7:38  Baneling x3, Overlord  
  129  7:41  Overlord  
  129  7:45  Hive  
  129  7:46  Zergling x14  
  129  7:48  Lurker Den  
  129  7:49  Zergling x4  
  135  7:53  Baneling x2  
  135  7:54  Drone  
  135  7:59  Baneling x7, Zergling x2  
  135  8:00  Zergling x10  
  140  8:06  Zergling x12  
  140  8:10  Baneling x15  
  140  8:12  Zergling x8  
  149  8:15  Baneling x6  
  149  8:20  Zergling x8  
  149  8:23  Baneling x5  
  149  8:26  Zergling x16  
  150  8:32  Zergling x14  
  156  8:34  Queen  
  156  8:37  Overlord  
  148  8:42  Zerg Ground Armor Level 2  
  148  8:43  Zerg Missile Weapons Level 1  
  148  8:44  Drone x3  
  148  8:45  Drone x3  
  154  8:53  Drone x2  
  154  8:54  Drone  
  155  8:57  Hydralisk x2  
  155  8:58  Hydralisk x3  
  165  9:03  Seismic Spines  
  165  9:05  Hatchery  
  164  9:11  Viper  
  164  9:17  Overlord  
  166  9:19  Overlord  
  166  9:22  Viper  
  166  9:24  Zergling x34  
  177  9:35  Viper  
  180  9:40  Hydralisk x3  
  180  9:42  Zergling x2  
  180  9:43  Zergling x18  
  196  9:56  Lurker x3  
  199  10:01  Adaptive Talons  
  199  10:09  Zergling x2  
  199  10:10  Overlord  
  199  10:12  Zergling x6  
  198  10:18  Zergling x4  
  198  10:37  Hydralisk  
  198  10:38  Hydralisk  
  198  10:40  Zergling x32  
  196  10:43  Zergling x16  
  196  10:47  Zergling x12  
  192  10:51  Zergling x16  
  192  10:56  Zergling x2  
  198  11:00  Zergling x14  
  176  11:05  Zergling x8  
  176  11:10  Hydralisk x3  
  176  11:11  Hydralisk  
  164  11:15  Zergling x10  
  164  11:18  Baneling x3  
  160  11:20  Zergling x16  
  160  11:25  Hydralisk x4  
  156  11:30  Lurker x4  
  156  11:31  Hydralisk x2, Zergling x2  
  172  11:41  Hydralisk, Lurker x4  
  172  11:46  Zergling x2  
  172  11:47  Zergling x12  
  179  11:51  Lurker  
  180  11:54  Lurker  
  180  11:55  Lurker  
  180  11:58  Hydralisk x3, Lurker, Spore Crawler  
  180  11:59  Lurker  
  187  12:10  Zergling x20  
  187  12:11  Lurker  
  187  12:15  Zergling x6  
  198  12:22  Zergling x4  
  198  12:26  Drone x3  
  176  12:31  Zergling x12  
  176  12:35  Zergling x6  
  167  12:38  Zergling x4  
Tags
 
Add a new tag
Caveats
  • Supply blocks, unpowered buildings, or Contaminate may cause inaccurate times.
  • Supply counts are checked every 10 seconds.